 Dungeon Crawl Stone Soup version 0.31-a0-152-g6aa68a64a1 (webtiles) character file.

Game seed: 2218853127811840360

1229 qw the Skirmisher (level 8, -1/70 HPs)
             Began as a Minotaur Hunter on June 9, 2023.
             Slain by a centaur (2 damage)
             ... on level 5 of the Dungeon.
             The game lasted 00:01:39 (4401 turns).

qw the Skirmisher (Minotaur Hunter)                 Turns: 4401, Time: 00:01:40

Health: -1/70      AC:  6    Str: 16    XL:     8   Next: 24%
Magic:  7/7        EV: 12    Int:  6    God:
Gold:   217        SH:  0    Dex: 16    Spells: 7/7 levels left

rFire   . . .        Y - +2 shortbow
rCold   . . .        (shield currently unavailable)
rNeg    . . .        d - +0 ring mail
rPois   .            (helmet restricted)
rElec   .            (no cloak)
rCorr   .            (no gloves)
SInv    .            f - +0 pair of boots
Will    .....        (no amulet)
Stlth   +            (no ring)
HPRegen 0.31/turn    (no ring)
MPRegen 0.10/turn

%: no passive effects
@: no status effects
A: horns 2, retaliatory headbutt
a: no special abilities


You were on level 5 of the Dungeon.
You visited 2 branches of the dungeon, and saw 6 of its levels.

You collected 217 gold pieces.


Innate Abilities, Weirdness & Mutations

You have a pair of horns on your head.
You reflexively headbutt those who attack you in melee.


   Skills:
 - Level 6.0 Fighting
 + Level 9.7 Ranged Weapons
 - Level 3.2 Armour
 - Level 3.3 Dodging
 - Level 0.7 Stealth


You had 7 spell levels left.
You didn't know any spells.
Your spell library was empty.

Inventory:

Hand Weapons
 Y - a +2 shortbow (weapon)
Armour
 d - a +0 ring mail (worn)
 f - a +0 pair of boots (worn)
Wands
 i - a wand of digging (8)
Scrolls
 a - a scroll of identify
 g - a scroll of poison {unknown}
Potions
 c - a potion of attraction {unknown}
 e - 5 potions of curing
 k - a potion of ambrosia {unknown}

Dungeon Overview and Level Annotations

Branches:
Dungeon (5/15)             Temple (1/1) D:4

Altars:
Cheibriados
Dithmenos
Fedhas
Hepliaklqana
Makhleb
Nemelex Xobeh
Uskayaw
Vehumet
Zin
The Shining One

Shops:
D:3 =


Message History

The centaur shoots an arrow.
The arrow hits you!
You shoot an arrow. The arrow hits the iguana.
The iguana is lightly wounded.
The centaur shoots an arrow.
The arrow hits you!
The centaur shoots an arrow.
The arrow barely misses you.
You shoot an arrow.
The arrow hits the iguana but does no damage.
The iguana is lightly wounded.
The centaur shoots an arrow.
The arrow barely misses you.
You shoot an arrow. The arrow hits the iguana!
The iguana is heavily wounded.
The centaur shoots an arrow.
The arrow hits you!
The centaur shoots an arrow.
The arrow hits you.
You shoot an arrow. The arrow hits the iguana.
The iguana is severely wounded.
You shoot an arrow. The arrow hits the iguana.
The iguana is severely wounded.
The adder completely misses you. The iguana bites you!
The adder closely misses you. You furiously retaliate!
You headbutt the adder! You shoot an arrow. The arrow hits the adder!
You kill the adder!
The centaur shoots an arrow.
The arrow hits you! The iguana bites you.
You shoot an arrow. The arrow hits the iguana.
The iguana is almost dead.
The centaur shoots an arrow.
The arrow hits you. The iguana barely misses you.
You shoot an arrow. The arrow hits the iguana.
You kill the iguana!
You shoot an arrow.
The arrow hits the centaur but does no damage.
The centaur is severely wounded.
The centaur unwields a +0 shortbow.
The centaur barely misses you.
The centaur kicks you but does no damage.
The centaur hits you. The centaur misses you.
You shoot an arrow. The arrow barely misses the centaur.
The centaur misses you. You furiously retaliate!
You headbutt the centaur, but do no damage.
The centaur kicks you but does no damage.
You shoot an arrow. The arrow closely misses the centaur.
The centaur hits you.
You die...

##...## ##.)##
#..## ##..## ##.#
##..#### #.#
###......#### #.#
##...#.......# #.#
###...##.......##
#.#
##....###........#
#.# ##....##
##.......# #.#
#.c@.## #.......#
#.....## #.......#
...?..###
##......## ......
#.......# .....
######### .....
.... ....


You could see a centaur.

Vanquished Creatures
  Grinder (D:3)
  Edmund (D:5)
  A black bear (D:5)
  2 ogres
  2 phantoms
  A gnoll sergeant (D:5)
  A scorpion (D:5)
  A hound (D:5)
  An orc priest (D:3)
  An iguana (D:5)
  An orc wizard (D:4)
  Robin (D:3)
  10 adders
  6 gnolls (D:5)
  A worm (D:4)
  2 dart slugs
  7 orcs
  6 ball pythons
  5 endoplasms
  4 giant cockroaches (D:2)
  15 goblins
  14 hobgoblins
  10 jackals
  3 quokkas
  7 bats
  6 frilled lizards
  9 kobolds
  4 rats
123 creatures vanquished.

Notes
Turn   | Place    | Note
-------+----------+-------------------------------------------
     0 | D:1      | qw the Minotaur Hunter began the quest for the Orb.
     0 | D:1      | Reached XP level 1. HP: 18/18 MP: 0/0
     0 | D:1      | 0 ||| qw: Version: 0.2-a-122-gbc61b45
     0 | D:1      | 0 ||| qw: Game counter: 3447
     0 | D:1      | 0 ||| qw: Always use a shield: true
     0 | D:1      | 0 ||| qw: God list: Okawaru
     0 | D:1      | 0 ||| qw: Allow faded altars: false
     0 | D:1      | 0 ||| qw: Do Orc after D:15 true
     0 | D:1      | 0 ||| qw: Do second Lair branch before Depths: true
     0 | D:1      | 0 ||| qw: Lair rune preference: random
     0 | D:1      | 0 ||| qw: Plans: Normal
     0 | D:1      | 0 ||| PLANNING D:1-11
   173 | D:1      | Reached XP level 2. HP: 25/25 MP: 1/1
   219 | D:1      | Reached skill level 5 in Ranged Weapons
   378 | D:1      | Reached skill level 3 in Fighting
   642 | D:1      | Reached XP level 3. HP: 24/31 MP: 2/2
   971 | D:1      | 971 ||| READING 3 scrolls labelled SEZACE ZUMAAWIFY.
   972 | D:1      | 972 ||| READING scroll labelled LULIDGHO BEOQUCIE.
   973 | D:1      | 973 ||| READING scroll labelled FEN FONENY.
   974 | D:1      | 974 ||| DROPPING 2 scrolls of amnesia.
   975 | D:1      | 975 ||| DROPPING scroll of butterflies.
  1196 | D:2      | Reached skill level 6 in Ranged Weapons
  1196 | D:2      | Reached XP level 4. HP: 27/38 MP: 3/3
  1260 | D:2      | Identified the +6 dagger of Dytotyh {heavy, rElec Int-4
                  | Dex+5}
  1261 | D:2      | Identified the +8 hand axe "Lohahais" {freeze, rF- Int+3
                  | Dex+2}
  1796 | D:2      | 1796 ||| UPGRADING to +0 ring mail.
  1806 | D:2      | 1806 ||| DROPPING +0 leather armour.
  1807 | D:2      | 1807 ||| UPGRADING to +0 pair of boots.
  1812 | D:2      | 1812 ||| READING 2 scrolls labelled RITAFE ZATEEC.
  1813 | D:2      | 1813 ||| READING scroll of enchant weapon.
  1813 | D:2      | 1813 ||| ENCHANTING +1 shortbow.
  1814 | D:2      | 1814 ||| READING scroll labelled WIWNIW JEKASEKAOST.
  1815 | D:2      | 1815 ||| DRINKING 2 ruby potions.
  1870 | D:3      | Found Kifian's Jewellery Boutique.
  1873 | D:3      | 1873 ||| SHOPLISTING amulet of reflection (360 gold, have
                  | 92).
  1873 | D:3      | 1873 ||| SHOPLISTING ring "Pixaomm" {Ice Stlth+} (417 gold,
                  | have 92).
  1873 | D:3      | 1873 ||| SHOPLISTING ring of Jean {Wiz rF+ Str+3 Stlth-}
                  | (586 gold, have 92).
  1873 | D:3      | 1873 ||| SHOPLISTING ring of Zeyp Sea {rF+ rN+ Will+
                  | Stlth+} (552 gold, have 92).
  1873 | D:3      | 1873 ||| SHOPLISTING ring of fire (300 gold, have 92).
  1873 | D:3      | 1873 ||| SHOPLISTING ring of resist corrosion (240 gold,
                  | have 92).
  1873 | D:3      | 1873 ||| SHOPLISTING ring of the Peasants {rN+ Will+ MP+9
                  | AC+4 Dex-3} (784 gold, have 92).
  1957 | D:3      | Reached skill level 1 in Armour
  1983 | D:3      | 1983 ||| Stepping ~*~*~tactically~*~*~ (outnumbered).
  1996 | D:3      | Reached XP level 5. HP: 37/47 MP: 4/4
  2041 | D:3      | Noticed Grinder
  2052 | D:3      | Paralysed by Grinder for 2 turns
  2056 | D:3      | Killed Grinder
  2057 | D:3      | Reached skill level 7 in Ranged Weapons
  2057 | D:3      | Reached XP level 6. HP: 30/53 MP: 5/5
  2390 | D:3      | Noticed Robin
  2394 | D:3      | Killed Robin
  2593 | D:3      | 2593 ||| READING scroll labelled XOGROC NAICOI.
  2694 | D:3      | 2694 ||| READING scroll labelled CIOSA KATSOS.
  2695 | D:3      | 2695 ||| READING scroll labelled WEHIRE TEOLARPH.
  2696 | D:3      | 2696 ||| READING scroll labelled SOTODW DASUFI.
  2697 | D:3      | 2697 ||| READING scroll labelled QUPOUL YMOIQOWIM.
  2892 | D:4      | Reached skill level 8 in Ranged Weapons
  3004 | D:4      | Found a staircase to the Ecumenical Temple.
  3005 | D:4      | 3005 ||| PLANNING TEMPLE
  3014 | Temple   | Entered the Ecumenical Temple
  3114 | Temple   | 3114 ||| PLANNING D:1-11
  3216 | D:4      | Reached XP level 7. HP: 54/61 MP: 6/6
  3231 | D:4      | Reached skill level 3 in Armour
  3615 | D:4      | 3615 ||| READING 2 scrolls of identify.
  3615 | D:4      | 3615 ||| IDENTIFYING murky golden potion
  3616 | D:4      | 3616 ||| DROPPING potion of enlightenment.
  3654 | D:5      | Entered Level 5 of the Dungeon
  3833 | D:5      | Noticed Edmund
  3855 | D:5      | Killed Edmund
  3968 | D:5      | Reached skill level 9 in Ranged Weapons
  4069 | D:5      | 4069 ||| Stepping ~*~*~tactically~*~*~ (outnumbered).
  4071 | D:5      | 4071 ||| Stepping ~*~*~tactically~*~*~ (outnumbered).
  4150 | D:5      | Reached skill level 3 in Dodging
  4150 | D:5      | Reached XP level 8. HP: 60/68 MP: 7/7
  4164 | D:5      | HP: 16/70 [gnoll/+0 spear[a gnoll sergeant] (6)]
  4165 | D:5      | 4165 ||| READING scroll of teleportation.
  4169 | D:5      | Reached skill level 6 in Fighting
  4395 | D:5      | HP: 17/70 [iguana (10)]
  4396 | D:5      | HP: 7/70 [iguana (4)]
  4399 | D:5      | HP: 1/70 [centaur (4)]
  4401 | D:5      | Slain by a centaur

Levels and vault maps discovered:
D:1:      lemuel_arrival_muddy, layout_loops_corners
D:2:      layout_loops_cross, kennysheep_crisscross, minmay_diced_spiral
D:3:      layout_basic, serial_shops, nicolae_shop_trees, uniq_grinder,
          uniq_robin
D:4:      layout_loops_ring, minmay_temple_entry_slanted,
          kennysheep_generic_room_16
D:5:      layout_cave_pods, nicolae_yredelemnul_ghost_church, uniq_edmund
Temple:   hellmonk_temple_beads

Skill      XL: |  1  2  3  4  5  6  7  8 |
---------------+-------------------------+-----
Ranged Weapons | 5 6 7 8 9 |  9.7
Fighting       | 3 4 5 6 |  6.0
Armour         | 1 3 |  3.2
Dodging        | 3 |  3.3
Stealth        | |  0.7

Action                     |  1- 3 |  4- 6 |  7- 9 || total
---------------------------+-------+-------+-------++-------
   Fire: Shortbow          |    99 |   175 |   134 ||   408
    Use: Scroll            |     3 |     8 |     2 ||    13
         Potion            |       |     1 |       ||     1
 Armour: Leather armour    |    13 |     5 |       ||    18
         Ring mail         |       |    23 |    27 ||    50
  Dodge: Dodged            |    34 |    47 |    50 ||   131

Table legend:
 A = Non-vault XP
 B = Vault XP
 C = Vault XP percentage of total XP
 D = Non-vault monster count
 E = Vault monster count
 F = Vault count percentage of total count
                 A         B        C        D         E       F
            +---------+---------+-------+---------+---------+-------
      Total |    1127 |     629 |  35.8 |     103 |      20 |  16.3
            +---------+---------+-------+---------+---------+-------
        D:1 |      49 |       0 |   0.0 |      30 |       0 |   0.0
        D:2 |      68 |       5 |   6.8 |      22 |       3 |  12.0
        D:3 |      93 |     318 |  77.4 |      14 |      12 |  46.2
        D:4 |     193 |     149 |  43.6 |      21 |       4 |  16.0
        D:5 |     724 |     157 |  17.8 |      16 |       1 |   5.9
            +---------+---------+-------+---------+---------+-------
